Flames vs Islanders

Created - 29 octobre 2020 at 19:17

Goals
1 2 3 T
Flames 1 2 1 4
Islanders 2 2 2 6
Shots
1 2 3 T
Flames 12 18 13 43
Islanders 7 12 9 28

1st period

1. Islanders , Brad Marchand 1 (Neal Pionk 1) at 7:52
2. Flames , Brady Tkachuk 1 (John Tavares 1, Ethan Bear 1) at 17:22
3. Islanders , Elias Pettersson 1 (Brad Marchand 1, Andrei Svechnikov 1) at 19:51

Penalties :
Neal Pionk (NYI) for Hooking (Minor) at 8:33

2nd period

4. Flames , Charlie Coyle 1 (Jared Spurgeon 1) at 1:04
5. Islanders , Colton Sceviour 1 (Richard Panik 1, Dennis Cholowski 1) at 1:54
6. Islanders , Timo Meier 1 (Anthony DeAngelo 1, Nikita Gusev 1) at 15:20
7. Flames , Zach Parise 1 (John Tavares 2) at 17:08 (PP)

Penalties :
Brad Marchand (NYI) for Hooking (Minor) at 10:06, Andrei Svechnikov (NYI) for Holding (Minor) at 16:49, Jordan Greenway (NYI) for Fighting (Major) at 17:52, Blake Wheeler (CGY) for Fighting (Major) at 17:52

3rd period

8. Islanders , Brad Marchand 2 (Elias Pettersson 1, Neal Pionk 2) at 0:18
9. Islanders , Timo Meier 2 (Austin Czarnik 1, Anthony Cirelli 1) at 17:07 (PP)
10. Flames , Brady Tkachuk 2 (Charlie Coyle 1, Esa Lindell 1) at 19:10

Penalties :
Anthony DeAngelo (NYI) for Hooking (Minor) at 5:03, Brad Marchand (NYI) for Goalie Interference (Minor) at 14:21, Brenden Dillon (CGY) for Tripping (Minor) at 16:55

Goalie Stats

Mike Smith (CGY), 9 saves from 11 shots - (0,818), L, 0-1-0, 24:40 minutes
Devan Dubnyk (CGY), 13 saves from 17 shots - (0,765), 35:20 minutes
Mikko Koskinen (NYI), 39 saves from 43 shots - (0,907), W, 1-0-0, 60:00 minutes

Players Stats for Flames

Player Name              G  A  P  +/- PIM S  H  SB GA TA FO     MP     PP MP  PK MP  
------------------------------------------------------------------------------------
Alexandre Texier         0  0  0   0  0   0  1  0  0  0  0/1     4:58   0:00   0:00 
Blake Wheeler            0  0  0  -3  5   6  5  0  0  0  2/4    23:00   4:39   0:00 
Brady Tkachuk            2  0  2   3  0   6  2  0  0  0  2/4    20:44   3:36   0:00 
Brandon Tanev            0  0  0  -1  0   0  0  0  0  0  0/1    15:05   0:31   0:12 
Brayden McNabb           0  0  0  -1  0   2  1  1  0  0  0/0    17:37   0:00   0:04 
Brendan Smith            0  0  0   0  0   0  0  0  0  0  0/0     0:30   0:00   0:00 
Brenden Dillon           0  0  0   1  2   0  3  1  0  0  0/0    13:32   0:00   0:00 
Charlie Coyle            1  1  2   3  0   2  1  0  0  0  5/6    20:44   3:36   0:00 
Dmitry Orlov             0  0  0  -2  0   1  1  5  0  0  0/0    23:38   3:33   0:08 
Esa Lindell              0  1  1  -1  0   2  1  2  0  0  0/0    21:40   3:33   0:04 
Ethan Bear               0  1  1   1  0   0  0  2  0  0  0/0    13:33   0:00   0:00 
Evgeni Malkin            0  0  0  -4  0   7  1  0  0  0  22/32  25:35   4:42   0:00 
Jared Spurgeon           0  1  1  -2  0   2  1  0  0  0  0/0    24:47   4:42   0:08 
John Tavares             0  2  2   3  0   4  0  0  0  0  22/33  21:16   4:08   0:00 
Jordan Martinook         0  0  0   0  0   0  0  0  0  0  0/0     0:00   0:00   0:00 
Sean Kuraly              0  0  0  -1  0   1  0  0  0  0  8/16   13:44   0:00   0:12 
Taylor Hall              0  0  0  -2  0   7  1  0  0  0  1/1    18:49   3:36   0:00 
Zach Parise              1  0  1  -4  0   3  0  0  0  0  3/3    20:34   4:39   0:00 

Players Stats for Islanders

Player Name              G  A  P  +/- PIM S  H  SB GA TA FO     MP     PP MP  PK MP  
------------------------------------------------------------------------------------
Andrei Svechnikov        0  1  1   2  2   2  4  0  0  0  0/1    15:03   0:00   0:00 
Anthony Cirelli          0  1  1   0  0   2  0  2  0  0  13/24  18:02   0:12   3:32 
Anthony DeAngelo         0  1  1   0  2   1  1  1  0  0  0/0    21:13   0:12   2:36 
Austin Czarnik           0  1  1   0  0   1  0  0  0  0  0/1    11:26   0:12   1:21 
Brad Marchand            2  1  3   2  4   4  4  0  0  0  0/4    15:02   0:00   0:00 
Colton Sceviour          1  0  1   0  0   3  0  1  0  0  6/21   14:00   0:00   0:20 
Dennis Cholowski         0  1  1   2  0   0  0  0  0  0  0/0    12:31   0:00   0:03 
Elias Pettersson         1  1  2   2  0   4  0  0  0  0  8/25   25:00   0:00   5:27 
Isac Lundestrom          0  0  0   0  0   2  0  0  0  0  5/10    8:31   0:00   0:00 
Jordan Greenway          0  0  0   0  5   0  5  0  0  0  0/0    12:17   0:00   0:00 
Neal Pionk               0  2  2   0  2   1  6  1  0  0  0/0    24:01   0:12   3:11 
Nick Holden              0  0  0   0  0   0  4  2  0  0  0/0    22:17   0:00   3:51 
Nikita Gusev             0  1  1   0  0   0  1  0  0  0  1/9    12:11   0:00   3:06 
Richard Panik            0  1  1   0  0   3  2  0  0  0  3/6    15:41   0:00   1:17 
Sam Steel                0  0  0   0  0   0  0  0  0  0  0/0     8:31   0:00   0:00 
Timo Meier               2  0  2   0  0   4  1  1  0  0  0/0    15:57   0:12   1:27 
Travis Dermott           0  0  0   2  0   0  3  3  0  0  0/0    14:56   0:00   2:28 
Tyler Myers              0  0  0   0  0   1  2  1  0  0  0/0    25:00   0:00   4:21 

3 Stars

1 - Brad Marchand (NYI)
2 - Brady Tkachuk (CGY)
3 - Timo Meier (NYI)

Power Play

Flames - 1 on 5 Attempt(s) - 20,00%
Islanders - 1 on 1 Attempt(s) - 100,00%

Penalty Kill

Flames - 0 on 1 Attempt(s) - 0,00% - Score 0 goal in Penalty Kill
Islanders - 4 on 5 Attempt(s) - 80,00% - Score 0 goal in Penalty Kill

Team Stat

Flames - Hits : 18 - Faceoff Wins : 65 - Blocked Shots : 11 - Penalty Minutes : 7
Islanders - Hits : 33 - Faceoff Wins : 36 - Blocked Shots : 12 - Penalty Minutes : 15

Official

Referees : Ian Walsh and Andrew Howard
Linesman : Stephen Drain and Pierre Racicot

Game Notes

Mike Smith enters game at 15:20 of 2nd period
Nikita Gusev is injured at 17:05 of 2nd period (Sprained Right Finger)
Jordan Greenway and Blake Wheeler fight to a draw at 17:52 of 2nd period

Finance

Level 1 -- Attendance: 5889 (98,15%) -- Ticket Income 736 125 $
Level 2 -- Attendance: 4692 (93,84%) -- Ticket Income 398 820 $
Level 3 -- Attendance: 2000 (100,00%) -- Ticket Income 150 000 $
Level 4 -- Attendance: 1795 (100,00%) -- Ticket Income 104 110 $
Luxury Box -- Attendance: 1000 (100,00%) -- Ticket Income 190 000 $
Game was played at the Barclays Center.
Total Attendance: 15376 (97,35%)
Total Ticket Income: 1 579 055 $
Other Income: 773 737 $
Total Income: 2 352 792 $

% Time on Ice - Flames

Lines # - Real PCT - Wanted PCT - Time Play
Normal Forward
1 - 31% - 35% - 15:55
2 - 33% - 30% - 17:08
3 - 26% - 20% - 13:32
4 - 10% - 15% - 4:58
Normal Defense
1 - 39% - 40% - 19:57
2 - 35% - 35% - 18:03
3 - 26% - 25% - 13:33
4 - 0% - 0% - 0:00
PP Forward
1 - 56% - 60% - 4:39
2 - 44% - 40% - 3:36
PP Defense
1 - 57% - 60% - 4:42
2 - 43% - 40% - 3:33
PK Forward
1 - 100% - 60% - 0:12
2 - 0% - 40% - 0:00
PK Defense
1 - 67% - 50% - 0:08
2 - 33% - 50% - 0:04
PK3 Forward
1 - 0% - 50%
2 - 0% - 50%
PK3 Defense
1 - 0% - 50%
2 - 0% - 50%
44 Forward
1 - 0% - 60%
2 - 0% - 40%
44 Defense
1 - 0% - 50%
2 - 0% - 50%
Last Minute Offensive  - 0:00
Last Minute Defensive  - 0:00
Total
Forward - 60:00
Defense - 60:00

% Time on Ice - Islanders

Lines # - Real PCT - Wanted PCT - Time Play
Normal Forward
1 - 29% - 37% - 15:04
2 - 28% - 30% - 14:18
3 - 27% - 23% - 13:40
4 - 17% - 10% - 8:31
Normal Defense
1 - 35% - 40% - 18:08
2 - 36% - 30% - 18:26
3 - 24% - 20% - 12:28
4 - 5% - 10% - 2:31
PP Forward
1 - 0% - 60% - 0:00
2 - 100% - 40% - 0:12
PP Defense
1 - 100% - 60% - 0:12
2 - 0% - 40% - 0:00
PK Forward
1 - 82% - 60% - 6:48
2 - 18% - 40% - 1:27
PK Defense
1 - 53% - 60% - 4:24
2 - 47% - 40% - 3:51
PK3 Forward
1 - 0% - 60%
2 - 0% - 40%
PK3 Defense
1 - 0% - 60%
2 - 0% - 40%
44 Forward
1 - 0% - 60%
2 - 0% - 40%
44 Defense
1 - 0% - 60%
2 - 0% - 40%
Last Minute Offensive  - 0:00
Last Minute Defensive  - 0:00
Total
Forward - 60:00
Defense - 60:00

Play-by-Play

1st period


0:01 of 1st period - Zach Parise wins face-off versus Andrei Svechnikov in neutral zone.
0:29 of 1st period - Shot by Elias Pettersson.
0:29 of 1st period - Shot Blocked by Dmitry Orlov.
0:35 of 1st period - Jared Spurgeon is hit by Brad Marchand and loses puck.
1:27 of 1st period - Icing by Brayden McNabb.
1:28 of 1st period - John Tavares wins face-off versus Colton Sceviour in Flames zone.
1:28 of 1st period - John Tavares is hit by Jordan Greenway.
1:34 of 1st period - Charlie Coyle is hit by Jordan Greenway and loses puck.
1:57 of 1st period - Shot by Richard Panik.
1:57 of 1st period - Deflect By Colton Sceviour.
1:57 of 1st period - Shot Blocked by Ethan Bear.
1:59 of 1st period - Shot by Colton Sceviour.
1:59 of 1st period - Shot Blocked by Ethan Bear.
2:01 of 1st period - Shot by Jordan Greenway.
2:01 of 1st period - Shot Misses the Net.
2:48 of 1st period - Icing by Anthony DeAngelo.
2:49 of 1st period - Evgeni Malkin wins face-off versus Anthony Cirelli in Islanders zone.
2:50 of 1st period - Shot by Blake Wheeler.
2:50 of 1st period - Stopped by Mikko Koskinen without a rebound.
2:51 of 1st period - Isac Lundestrom wins face-off versus Evgeni Malkin in Islanders zone.
2:51 of 1st period - Isac Lundestrom is hit by Evgeni Malkin.
3:21 of 1st period - Austin Czarnik is hit by Dmitry Orlov and loses puck.
3:25 of 1st period - Icing by Dmitry Orlov.
3:26 of 1st period - Evgeni Malkin wins face-off versus Elias Pettersson in Flames zone.
3:45 of 1st period - Dmitry Orlov is hit by Andrei Svechnikov.
4:27 of 1st period - Shot by Timo Meier.
4:27 of 1st period - Stopped by Devan Dubnyk with a rebound.
4:29 of 1st period - Shot by Tyler Myers.
4:29 of 1st period - Stopped by Devan Dubnyk without a rebound.
4:30 of 1st period - Sean Kuraly wins face-off versus Richard Panik in Flames zone.
4:30 of 1st period - Sean Kuraly is hit by Jordan Greenway.
4:33 of 1st period - Brandon Tanev is hit by Jordan Greenway and loses puck.
4:40 of 1st period - Shot by Taylor Hall.
4:40 of 1st period - Stopped by Mikko Koskinen without a rebound.
4:41 of 1st period - Anthony Cirelli wins face-off versus Sean Kuraly in Islanders zone.
5:16 of 1st period - Shot by Taylor Hall.
5:16 of 1st period - Deflect By Brandon Tanev.
5:16 of 1st period - Shot Blocked by Travis Dermott.
5:18 of 1st period - Shot by Sean Kuraly.
5:18 of 1st period - Deflect By Taylor Hall.
5:18 of 1st period - Stopped by Mikko Koskinen with a rebound.
5:49 of 1st period - Shot by Zach Parise.
5:49 of 1st period - Stopped by Mikko Koskinen with a rebound.
5:51 of 1st period - Shot by Evgeni Malkin.
5:51 of 1st period - Stopped by Mikko Koskinen with a rebound.
5:53 of 1st period - Shot by Blake Wheeler.
5:53 of 1st period - Shot Blocked by Anthony Cirelli.
5:55 of 1st period - Shot by Brayden McNabb.
5:55 of 1st period - Shot Misses the Net.
5:57 of 1st period - Shot by Brayden McNabb.
5:57 of 1st period - Stopped by Mikko Koskinen without a rebound.
5:58 of 1st period - John Tavares wins face-off versus Colton Sceviour in Islanders zone.
7:00 of 1st period - Shot by Elias Pettersson.
7:00 of 1st period - Stopped by Devan Dubnyk without a rebound.
7:01 of 1st period - Evgeni Malkin wins face-off versus Austin Czarnik in Flames zone.
7:20 of 1st period - Shot by Isac Lundestrom.
7:20 of 1st period - Shot Blocked by Esa Lindell.
7:22 of 1st period - Shot by Isac Lundestrom.
7:22 of 1st period - Deflect By Austin Czarnik.
7:22 of 1st period - Shot Misses the Net.
7:52 of 1st period - Shot by Brad Marchand.
7:52 of 1st period - Goal by Brad Marchand - Flames : 0 - Islanders : 1.
7:53 of 1st period - Sean Kuraly wins face-off versus Elias Pettersson in neutral zone.
7:53 of 1st period - Taylor Hall is hit by Brad Marchand and loses puck.
8:13 of 1st period - Icing by Dennis Cholowski.
8:14 of 1st period - John Tavares wins face-off versus Elias Pettersson in Islanders zone.
8:15 of 1st period - Shot by Jared Spurgeon.
8:15 of 1st period - Shot Misses the Net.
8:17 of 1st period - Shot by Brady Tkachuk.
8:17 of 1st period - Shot Blocked by Travis Dermott.
8:19 of 1st period - Shot by John Tavares.
8:19 of 1st period - Stopped by Mikko Koskinen without a rebound.
8:20 of 1st period - John Tavares wins face-off versus Anthony Cirelli in Islanders zone.
8:20 of 1st period - John Tavares is hit by Tyler Myers.
8:33 of 1st period - Minor Penalty to Neal Pionk for Hooking.
8:34 of 1st period - John Tavares wins face-off versus Nikita Gusev in Islanders zone.
8:50 of 1st period - Icing by John Tavares.
8:51 of 1st period - John Tavares wins face-off versus Nikita Gusev in Flames zone.
9:16 of 1st period - Shot by Evgeni Malkin.
9:16 of 1st period - Shot Misses the Net.
10:22 of 1st period - Shot by Evgeni Malkin.
10:22 of 1st period - Shot Blocked by Timo Meier.
10:30 of 1st period - Shot by John Tavares.
10:30 of 1st period - Deflect By Blake Wheeler.
10:30 of 1st period - Shot Blocked by Anthony DeAngelo.
10:32 of 1st period - Shot by Jared Spurgeon.
10:32 of 1st period - Shot Blocked by Anthony Cirelli.
10:56 of 1st period - Shot by Taylor Hall.
10:56 of 1st period - Stopped by Mikko Koskinen without a rebound.
10:57 of 1st period - Isac Lundestrom wins face-off versus Evgeni Malkin in Islanders zone.
10:57 of 1st period - Isac Lundestrom is hit by Alexandre Texier.
11:07 of 1st period - Shot by Evgeni Malkin.
11:07 of 1st period - Shot Misses the Net.
11:21 of 1st period - Shot by Sam Steel.
11:21 of 1st period - Shot Misses the Net.
11:24 of 1st period - Icing by Brayden McNabb.
11:25 of 1st period - Evgeni Malkin wins face-off versus Colton Sceviour in Flames zone.
11:32 of 1st period - Colton Sceviour is hit by Blake Wheeler and loses puck.
11:44 of 1st period - Icing by Colton Sceviour.
11:45 of 1st period - Colton Sceviour wins face-off versus Brady Tkachuk in Islanders zone.
11:45 of 1st period - Colton Sceviour is hit by Brady Tkachuk.
11:53 of 1st period - Shot by Dennis Cholowski.
11:53 of 1st period - Shot Blocked by Dmitry Orlov.
12:03 of 1st period - Shot by Brady Tkachuk.
12:03 of 1st period - Deflect By Charlie Coyle.
12:03 of 1st period - Shot Misses the Net.
12:05 of 1st period - Shot by Dmitry Orlov.
12:05 of 1st period - Shot Misses the Net.
12:15 of 1st period - Shot by Charlie Coyle.
12:15 of 1st period - Shot Blocked by Colton Sceviour.
12:34 of 1st period - Icing by Dennis Cholowski.
12:35 of 1st period - Sean Kuraly wins face-off versus Colton Sceviour in Islanders zone.
13:19 of 1st period - Icing by Ethan Bear.
13:20 of 1st period - Anthony Cirelli wins face-off versus Sean Kuraly in Flames zone.
13:39 of 1st period - Icing by Anthony DeAngelo.
13:40 of 1st period - Anthony Cirelli wins face-off versus Evgeni Malkin in Islanders zone.
13:49 of 1st period - Shot by Anthony Cirelli.
13:49 of 1st period - Stopped by Devan Dubnyk without a rebound.
13:50 of 1st period - Blake Wheeler wins face-off versus Elias Pettersson in Flames zone.
13:50 of 1st period - Blake Wheeler is hit by Andrei Svechnikov.
14:25 of 1st period - Shot by Zach Parise.
14:25 of 1st period - Shot Misses the Net.
14:28 of 1st period - Icing by Brad Marchand.
14:29 of 1st period - Charlie Coyle wins face-off versus Elias Pettersson in Islanders zone.
14:38 of 1st period - Shot by Brady Tkachuk.
14:38 of 1st period - Shot Misses the Net.
15:01 of 1st period - John Tavares is hit by Nick Holden and loses puck.
15:36 of 1st period - Shot by Sean Kuraly.
15:36 of 1st period - Shot Misses the Net.
15:38 of 1st period - Shot by Sean Kuraly.
15:38 of 1st period - Stopped by Mikko Koskinen without a rebound.
15:39 of 1st period - Isac Lundestrom wins face-off versus Blake Wheeler in Islanders zone.
15:47 of 1st period - Evgeni Malkin is hit by Travis Dermott and loses puck.
16:21 of 1st period - Icing by Sam Steel.
16:22 of 1st period - Isac Lundestrom wins face-off versus Sean Kuraly in Islanders zone.
16:39 of 1st period - Shot by Taylor Hall.
16:39 of 1st period - Shot Misses the Net.
17:03 of 1st period - Neal Pionk is hit by Jared Spurgeon and loses puck.
17:22 of 1st period - Shot by Brady Tkachuk.
17:22 of 1st period - Goal by Brady Tkachuk - Flames : 1 - Islanders : 1.
17:23 of 1st period - Evgeni Malkin wins face-off versus Nikita Gusev in neutral zone.
17:28 of 1st period - Shot by Zach Parise.
17:28 of 1st period - Shot Blocked by Nick Holden.
18:31 of 1st period - Shot by John Tavares.
18:31 of 1st period - Shot Misses the Net.
18:33 of 1st period - Shot by John Tavares.
18:33 of 1st period - Stopped by Mikko Koskinen with a rebound.
18:35 of 1st period - Shot by Ethan Bear.
18:35 of 1st period - Shot Misses the Net.
18:37 of 1st period - Shot by Charlie Coyle.
18:37 of 1st period - Stopped by Mikko Koskinen without a rebound.
18:38 of 1st period - Sean Kuraly wins face-off versus Colton Sceviour in Islanders zone.
18:38 of 1st period - Jared Spurgeon is hit by Neal Pionk and loses puck.
19:28 of 1st period - Jared Spurgeon is hit by Travis Dermott and loses puck.
19:42 of 1st period - Jared Spurgeon is hit by Andrei Svechnikov and loses puck.
19:47 of 1st period - Shot by Andrei Svechnikov.
19:47 of 1st period - Shot Misses the Net.
19:49 of 1st period - Shot by Brad Marchand.
19:49 of 1st period - Stopped by Devan Dubnyk with a rebound.
19:51 of 1st period - Shot by Elias Pettersson.
19:51 of 1st period - Goal by Elias Pettersson - Flames : 1 - Islanders : 2.
19:52 of 1st period - Blake Wheeler wins face-off versus Isac Lundestrom in neutral zone.
Goals for this period are 1 for Flames vs 2 for Islanders.
Shots for this period are 12 for Flames vs 7 for Islanders.

2nd period


0:01 of 2nd period - Elias Pettersson wins face-off versus Evgeni Malkin in neutral zone.
0:29 of 2nd period - Off-side.
0:30 of 2nd period - John Tavares wins face-off versus Anthony Cirelli in neutral zone.
1:04 of 2nd period - Shot by Charlie Coyle.
1:04 of 2nd period - Goal by Charlie Coyle - Flames : 2 - Islanders : 2.
1:05 of 2nd period - Evgeni Malkin wins face-off versus Elias Pettersson in neutral zone.
1:05 of 2nd period - Evgeni Malkin is hit by Andrei Svechnikov.
1:20 of 2nd period - Icing by Esa Lindell.
1:21 of 2nd period - Evgeni Malkin wins face-off versus Colton Sceviour in Flames zone.
1:50 of 2nd period - Shot by Richard Panik.
1:50 of 2nd period - Shot Misses the Net.
1:52 of 2nd period - Shot by Colton Sceviour.
1:52 of 2nd period - Shot Misses the Net.
1:54 of 2nd period - Shot by Colton Sceviour.
1:54 of 2nd period - Goal by Colton Sceviour - Flames : 2 - Islanders : 3.
1:55 of 2nd period - John Tavares wins face-off versus Elias Pettersson in neutral zone.
2:12 of 2nd period - Shot by Andrei Svechnikov.
2:12 of 2nd period - Stopped by Devan Dubnyk with a rebound.
3:06 of 2nd period - Shot by Taylor Hall.
3:06 of 2nd period - Stopped by Mikko Koskinen without a rebound.
3:07 of 2nd period - Anthony Cirelli wins face-off versus Evgeni Malkin in Islanders zone.
3:57 of 2nd period - Richard Panik is hit by Esa Lindell and loses puck.
4:22 of 2nd period - Shot by Colton Sceviour.
4:22 of 2nd period - Shot Misses the Net.
4:24 of 2nd period - Shot by Jordan Greenway.
4:24 of 2nd period - Shot Misses the Net.
4:26 of 2nd period - Shot by Jordan Greenway.
4:26 of 2nd period - Deflect By Richard Panik.
4:26 of 2nd period - Stopped by Devan Dubnyk with a rebound.
4:28 of 2nd period - Shot by Richard Panik.
4:28 of 2nd period - Shot Blocked by Brayden McNabb.
4:40 of 2nd period - Shot by Isac Lundestrom.
4:40 of 2nd period - Stopped by Devan Dubnyk with a rebound.
4:42 of 2nd period - Shot by Neal Pionk.
4:42 of 2nd period - Stopped by Devan Dubnyk with a rebound.
4:46 of 2nd period - Shot by Sam Steel.
4:46 of 2nd period - Shot Hit the Post.
5:44 of 2nd period - Charlie Coyle is hit by Nick Holden and loses puck.
5:53 of 2nd period - Shot by John Tavares.
5:53 of 2nd period - Shot Blocked by Nick Holden.
6:19 of 2nd period - Shot by Brandon Tanev.
6:19 of 2nd period - Shot Misses the Net.
7:09 of 2nd period - Shot by Nikita Gusev.
7:09 of 2nd period - Shot Misses the Net.
7:30 of 2nd period - Dmitry Orlov is hit by Neal Pionk.
7:49 of 2nd period - Shot by Colton Sceviour.
7:49 of 2nd period - Stopped by Devan Dubnyk without a rebound.
7:50 of 2nd period - Sean Kuraly wins face-off versus Isac Lundestrom in Flames zone.
8:11 of 2nd period - Shot by Taylor Hall.
8:11 of 2nd period - Shot Blocked by Neal Pionk.
8:13 of 2nd period - Shot by Sean Kuraly.
8:13 of 2nd period - Shot Misses the Net.
8:47 of 2nd period - Blake Wheeler is hit by Travis Dermott and loses puck.
8:54 of 2nd period - Shot by Richard Panik.
8:54 of 2nd period - Stopped by Devan Dubnyk without a rebound.
8:55 of 2nd period - John Tavares wins face-off versus Anthony Cirelli in Flames zone.
8:55 of 2nd period - John Tavares is hit by Timo Meier.
9:07 of 2nd period - Shot by Jared Spurgeon.
9:07 of 2nd period - Stopped by Mikko Koskinen with a rebound.
9:15 of 2nd period - Shot by Dmitry Orlov.
9:15 of 2nd period - Stopped by Mikko Koskinen without a rebound.
9:16 of 2nd period - Colton Sceviour wins face-off versus Sean Kuraly in Islanders zone.
9:22 of 2nd period - Icing by Ethan Bear.
9:23 of 2nd period - Elias Pettersson wins face-off versus Sean Kuraly in Flames zone.
9:30 of 2nd period - Shot by Andrei Svechnikov.
9:30 of 2nd period - Stopped by Devan Dubnyk with a rebound.
9:32 of 2nd period - Shot by Nick Holden.
9:32 of 2nd period - Shot Blocked by Brenden Dillon.
9:34 of 2nd period - Shot by Anthony DeAngelo.
9:34 of 2nd period - Stopped by Devan Dubnyk without a rebound.
9:35 of 2nd period - Anthony Cirelli wins face-off versus Blake Wheeler in Flames zone.
9:45 of 2nd period - Icing by Blake Wheeler.
9:46 of 2nd period - Evgeni Malkin wins face-off versus Brad Marchand in Flames zone.
10:06 of 2nd period - Minor Penalty to Brad Marchand for Hooking.
10:07 of 2nd period - Elias Pettersson wins face-off versus Charlie Coyle in Islanders zone.
10:17 of 2nd period - Icing by Dmitry Orlov.
10:18 of 2nd period - Charlie Coyle wins face-off versus Nikita Gusev in Flames zone.
10:18 of 2nd period - Charlie Coyle is hit by Nikita Gusev.
10:45 of 2nd period - Icing by Dmitry Orlov.
10:46 of 2nd period - Charlie Coyle wins face-off versus Nikita Gusev in Flames zone.
11:17 of 2nd period - Shot by Blake Wheeler.
11:17 of 2nd period - Stopped by Mikko Koskinen without a rebound.
11:18 of 2nd period - Anthony Cirelli wins face-off versus John Tavares in Islanders zone.
11:37 of 2nd period - Shot by Evgeni Malkin.
11:37 of 2nd period - Stopped by Mikko Koskinen without a rebound.
11:38 of 2nd period - John Tavares wins face-off versus Nikita Gusev in Islanders zone.
11:53 of 2nd period - Shot by Jared Spurgeon.
11:53 of 2nd period - Deflect By John Tavares.
11:53 of 2nd period - Shot Misses the Net.
11:55 of 2nd period - Shot by Zach Parise.
11:55 of 2nd period - Stopped by Mikko Koskinen with a rebound.
11:57 of 2nd period - Shot by Jared Spurgeon.
11:57 of 2nd period - Shot Misses the Net.
12:10 of 2nd period - Icing by Neal Pionk.
12:11 of 2nd period - Sean Kuraly wins face-off versus Colton Sceviour in Islanders zone.
12:11 of 2nd period - Sean Kuraly is hit by Neal Pionk.
12:15 of 2nd period - Shot by Taylor Hall.
12:15 of 2nd period - Shot Misses the Net.
12:30 of 2nd period - Colton Sceviour is hit by Brenden Dillon and loses puck.
13:26 of 2nd period - Icing by Esa Lindell.
13:27 of 2nd period - John Tavares wins face-off versus Anthony Cirelli in Flames zone.
13:44 of 2nd period - Shot by Brady Tkachuk.
13:44 of 2nd period - Stopped by Mikko Koskinen without a rebound.
13:45 of 2nd period - Evgeni Malkin wins face-off versus Brad Marchand in Islanders zone.
14:00 of 2nd period - Shot by Andrei Svechnikov.
14:00 of 2nd period - Shot Misses the Net.
14:06 of 2nd period - Shot by Elias Pettersson.
14:06 of 2nd period - Shot Misses the Net.
14:08 of 2nd period - Shot by Neal Pionk.
14:08 of 2nd period - Shot Blocked by Dmitry Orlov.
14:10 of 2nd period - Shot by Elias Pettersson.
14:10 of 2nd period - Shot Blocked by Dmitry Orlov.
14:23 of 2nd period - Icing by Brad Marchand.
14:24 of 2nd period - Elias Pettersson wins face-off versus Sean Kuraly in Islanders zone.
14:53 of 2nd period - Shot by Taylor Hall.
14:53 of 2nd period - Stopped by Mikko Koskinen without a rebound.
14:54 of 2nd period - Charlie Coyle wins face-off versus Colton Sceviour in Islanders zone.
14:55 of 2nd period - Shot by Brady Tkachuk.
14:55 of 2nd period - Shot Blocked by Travis Dermott.
14:57 of 2nd period - Shot by John Tavares.
14:57 of 2nd period - Stopped by Mikko Koskinen without a rebound.
14:58 of 2nd period - Evgeni Malkin wins face-off versus Anthony Cirelli in Islanders zone.
14:59 of 2nd period - Shot by Blake Wheeler.
14:59 of 2nd period - Shot Misses the Net.
15:20 of 2nd period - Shot by Timo Meier.
15:20 of 2nd period - Goal by Timo Meier - Flames : 2 - Islanders : 4.
15:20 of 2nd period - Mike Smith enters game.
15:21 of 2nd period - Colton Sceviour wins face-off versus John Tavares in neutral zone.
15:33 of 2nd period - Shot by Brady Tkachuk.
15:33 of 2nd period - Stopped by Mikko Koskinen without a rebound.
15:34 of 2nd period - Elias Pettersson wins face-off versus Alexandre Texier in Islanders zone.
15:34 of 2nd period - Elias Pettersson is hit by Blake Wheeler.
15:48 of 2nd period - Shot by Evgeni Malkin.
15:48 of 2nd period - Stopped by Mikko Koskinen without a rebound.
15:49 of 2nd period - John Tavares wins face-off versus Anthony Cirelli in Islanders zone.
15:56 of 2nd period - Tyler Myers is hit by Brady Tkachuk and loses puck.
16:09 of 2nd period - Shot by Timo Meier.
16:09 of 2nd period - Stopped by Mike Smith without a rebound.
16:10 of 2nd period - Evgeni Malkin wins face-off versus Elias Pettersson in Flames zone.
16:10 of 2nd period - Evgeni Malkin is hit by Brad Marchand.
16:34 of 2nd period - Icing by Anthony DeAngelo.
16:35 of 2nd period - John Tavares wins face-off versus Elias Pettersson in Islanders zone.
16:49 of 2nd period - Minor Penalty to Andrei Svechnikov for Holding.
16:50 of 2nd period - John Tavares wins face-off versus Nikita Gusev in Islanders zone.
16:55 of 2nd period - Shot by Blake Wheeler.
16:55 of 2nd period - Stopped by Mikko Koskinen without a rebound.
16:56 of 2nd period - Zach Parise wins face-off versus Nikita Gusev in Islanders zone.
17:03 of 2nd period - Shot by Evgeni Malkin.
17:03 of 2nd period - Stopped by Mikko Koskinen without a rebound.
17:04 of 2nd period - Nikita Gusev wins face-off versus John Tavares in Islanders zone.
17:04 of 2nd period - Nikita Gusev is hit by Blake Wheeler.
17:05 of 2nd period - Nikita Gusev from Islanders is injured at 17:05 of 2nd period (Sprained Right Finger).
17:06 of 2nd period - John Tavares wins face-off versus Elias Pettersson in Islanders zone.
17:06 of 2nd period - John Tavares is hit by Tyler Myers.
17:08 of 2nd period - Shot by Zach Parise.
17:08 of 2nd period - Goal by Zach Parise - Flames : 3 - Islanders : 4.
17:09 of 2nd period - Anthony Cirelli wins face-off versus Evgeni Malkin in neutral zone.
17:29 of 2nd period - Shot by Blake Wheeler.
17:29 of 2nd period - Stopped by Mikko Koskinen with a rebound.
17:31 of 2nd period - Shot by Blake Wheeler.
17:31 of 2nd period - Stopped by Mikko Koskinen without a rebound.
17:32 of 2nd period - John Tavares wins face-off versus Colton Sceviour in Islanders zone.
17:40 of 2nd period - Icing by Anthony DeAngelo.
17:41 of 2nd period - Evgeni Malkin wins face-off versus Colton Sceviour in Islanders zone.
17:41 of 2nd period - Evgeni Malkin is hit by Anthony DeAngelo.
17:43 of 2nd period - Shot by Jared Spurgeon.
17:43 of 2nd period - Shot Misses the Net.
17:48 of 2nd period - Icing by Richard Panik.
17:49 of 2nd period - Evgeni Malkin wins face-off versus Colton Sceviour in Islanders zone.
17:49 of 2nd period - Evgeni Malkin is hit by Nick Holden.
17:52 of 2nd period - Jordan Greenway and Blake Wheeler fight to a draw.
17:52 of 2nd period - Penalty to Jordan Greenway for Fighting.
17:52 of 2nd period - Penalty to Blake Wheeler for Fighting.
17:53 of 2nd period - Evgeni Malkin wins face-off versus Brad Marchand in Islanders zone.
18:05 of 2nd period - Shot by Brad Marchand.
18:05 of 2nd period - Stopped by Mike Smith without a rebound.
18:06 of 2nd period - John Tavares wins face-off versus Anthony Cirelli in Flames zone.
18:24 of 2nd period - John Tavares is hit by Nick Holden and loses puck.
19:13 of 2nd period - Shot by Evgeni Malkin.
19:13 of 2nd period - Shot Blocked by Tyler Myers.
19:15 of 2nd period - Shot by Jared Spurgeon.
19:15 of 2nd period - Shot Misses the Net.
19:17 of 2nd period - Shot by Dmitry Orlov.
19:17 of 2nd period - Shot Misses the Net.
19:19 of 2nd period - Shot by Taylor Hall.
19:19 of 2nd period - Shot Misses the Net.
19:21 of 2nd period - Shot by Jared Spurgeon.
19:21 of 2nd period - Stopped by Mikko Koskinen without a rebound.
19:22 of 2nd period - Evgeni Malkin wins face-off versus Isac Lundestrom in Islanders zone.
19:47 of 2nd period - Icing by Ethan Bear.
19:48 of 2nd period - Evgeni Malkin wins face-off versus Colton Sceviour in Flames zone.
Goals for this period are 2 for Flames vs 2 for Islanders.
Shots for this period are 18 for Flames vs 12 for Islanders.

3rd period


0:01 of 3rd period - Evgeni Malkin wins face-off versus Elias Pettersson in neutral zone.
0:06 of 3rd period - Shot by Taylor Hall.
0:06 of 3rd period - Stopped by Mikko Koskinen without a rebound.
0:07 of 3rd period - Evgeni Malkin wins face-off versus Elias Pettersson in Islanders zone.
0:18 of 3rd period - Shot by Elias Pettersson.
0:18 of 3rd period - Deflect By Brad Marchand.
0:18 of 3rd period - Goal by Brad Marchand - Flames : 3 - Islanders : 5.
0:19 of 3rd period - Anthony Cirelli wins face-off versus John Tavares in neutral zone.
0:57 of 3rd period - Icing by Esa Lindell.
0:58 of 3rd period - John Tavares wins face-off versus Colton Sceviour in Flames zone.
1:03 of 3rd period - Tyler Myers is hit by Charlie Coyle and loses puck.
1:55 of 3rd period - Shot by Elias Pettersson.
1:55 of 3rd period - Stopped by Mike Smith without a rebound.
1:56 of 3rd period - Anthony Cirelli wins face-off versus Evgeni Malkin in Flames zone.
2:01 of 3rd period - Shot by Elias Pettersson.
2:01 of 3rd period - Shot Misses the Net.
2:07 of 3rd period - Shot by Anthony Cirelli.
2:07 of 3rd period - Stopped by Mike Smith without a rebound.
2:08 of 3rd period - Anthony Cirelli wins face-off versus Sean Kuraly in Flames zone.
2:16 of 3rd period - Timo Meier is hit by Brenden Dillon and loses puck.
3:15 of 3rd period - Shot by Brady Tkachuk.
3:15 of 3rd period - Stopped by Mikko Koskinen without a rebound.
3:16 of 3rd period - Colton Sceviour wins face-off versus Evgeni Malkin in Islanders zone.
3:16 of 3rd period - Colton Sceviour is hit by Blake Wheeler.
3:39 of 3rd period - Blake Wheeler is hit by Neal Pionk and loses puck.
3:57 of 3rd period - Tyler Myers is hit by Blake Wheeler and loses puck.
4:14 of 3rd period - Dmitry Orlov is hit by Richard Panik.
4:17 of 3rd period - Evgeni Malkin is hit by Jordan Greenway and loses puck.
4:35 of 3rd period - Off-side.
4:36 of 3rd period - Elias Pettersson wins face-off versus Brady Tkachuk in neutral zone.
5:03 of 3rd period - Shot by Brady Tkachuk.
5:03 of 3rd period - Deflect By John Tavares.
5:03 of 3rd period - Stopped by Mikko Koskinen without a rebound.
5:03 of 3rd period - Minor Penalty to Anthony DeAngelo for Hooking.
5:04 of 3rd period - Brady Tkachuk wins face-off versus Anthony Cirelli in Islanders zone.
5:09 of 3rd period - Shot by Brady Tkachuk.
5:09 of 3rd period - Shot Misses the Net.
5:11 of 3rd period - Shot by Esa Lindell.
5:11 of 3rd period - Stopped by Mikko Koskinen without a rebound.
5:12 of 3rd period - Taylor Hall wins face-off versus Elias Pettersson in Islanders zone.
5:41 of 3rd period - Shot by Taylor Hall.
5:41 of 3rd period - Deflect By Brady Tkachuk.
5:41 of 3rd period - Stopped by Mikko Koskinen with a rebound.
6:16 of 3rd period - Shot by Esa Lindell.
6:16 of 3rd period - Stopped by Mikko Koskinen without a rebound.
6:17 of 3rd period - Richard Panik wins face-off versus John Tavares in Islanders zone.
6:34 of 3rd period - Shot by Blake Wheeler.
6:34 of 3rd period - Stopped by Mikko Koskinen without a rebound.
6:35 of 3rd period - Brady Tkachuk wins face-off versus Richard Panik in Islanders zone.
6:40 of 3rd period - Shot by Esa Lindell.
6:40 of 3rd period - Shot Misses the Net.
6:52 of 3rd period - Shot by Taylor Hall.
6:52 of 3rd period - Stopped by Mikko Koskinen without a rebound.
6:53 of 3rd period - Richard Panik wins face-off versus John Tavares in Islanders zone.
7:01 of 3rd period - Off-side.
7:02 of 3rd period - Charlie Coyle wins face-off versus Richard Panik in neutral zone.
9:18 of 3rd period - Anthony DeAngelo is hit by Brayden McNabb and loses puck.
9:39 of 3rd period - Icing by Nick Holden.
9:40 of 3rd period - Sean Kuraly wins face-off versus Colton Sceviour in Islanders zone.
10:26 of 3rd period - Shot by Isac Lundestrom.
10:26 of 3rd period - Stopped by Mike Smith with a rebound.
10:33 of 3rd period - Icing by Tyler Myers.
10:34 of 3rd period - John Tavares wins face-off versus Isac Lundestrom in Islanders zone.
10:37 of 3rd period - Shot by Brady Tkachuk.
10:37 of 3rd period - Shot Misses the Net.
10:52 of 3rd period - Icing by Dmitry Orlov.
10:53 of 3rd period - John Tavares wins face-off versus Elias Pettersson in Flames zone.
11:59 of 3rd period - Shot by Evgeni Malkin.
11:59 of 3rd period - Stopped by Mikko Koskinen without a rebound.
12:00 of 3rd period - Anthony Cirelli wins face-off versus Sean Kuraly in Islanders zone.
12:00 of 3rd period - Neal Pionk is hit by Taylor Hall and loses puck.
12:20 of 3rd period - Neal Pionk is hit by Brenden Dillon and loses puck.
13:00 of 3rd period - Shot by Isac Lundestrom.
13:00 of 3rd period - Shot Misses the Net.
13:02 of 3rd period - Shot by Austin Czarnik.
13:02 of 3rd period - Stopped by Mike Smith without a rebound.
13:03 of 3rd period - Isac Lundestrom wins face-off versus Evgeni Malkin in Flames zone.
13:28 of 3rd period - Icing by Isac Lundestrom.
13:29 of 3rd period - John Tavares wins face-off versus Isac Lundestrom in Islanders zone.
14:06 of 3rd period - Icing by Esa Lindell.
14:07 of 3rd period - Elias Pettersson wins face-off versus John Tavares in Flames zone.
14:14 of 3rd period - Shot by Andrei Svechnikov.
14:14 of 3rd period - Shot Blocked by Esa Lindell.
14:21 of 3rd period - Minor Penalty to Brad Marchand for Goalie Interference.
14:22 of 3rd period - Richard Panik wins face-off versus John Tavares in Islanders zone.
14:31 of 3rd period - Shot by John Tavares.
14:31 of 3rd period - Shot Misses the Net.
15:56 of 3rd period - Icing by Evgeni Malkin.
15:57 of 3rd period - Anthony Cirelli wins face-off versus Brandon Tanev in Flames zone.
16:32 of 3rd period - Shot by Colton Sceviour.
16:32 of 3rd period - Stopped by Mike Smith without a rebound.
16:33 of 3rd period - Evgeni Malkin wins face-off versus Elias Pettersson in Flames zone.
16:55 of 3rd period - Minor Penalty to Brenden Dillon for Tripping.
16:56 of 3rd period - Sean Kuraly wins face-off versus Anthony Cirelli in Flames zone.
17:05 of 3rd period - Shot by Anthony Cirelli.
17:05 of 3rd period - Shot Blocked by Dmitry Orlov.
17:07 of 3rd period - Shot by Austin Czarnik.
17:07 of 3rd period - Deflect By Timo Meier.
17:07 of 3rd period - Goal by Timo Meier - Flames : 3 - Islanders : 6.
17:08 of 3rd period - Colton Sceviour wins face-off versus John Tavares in neutral zone.
17:41 of 3rd period - Shot by Richard Panik.
17:41 of 3rd period - Stopped by Mike Smith without a rebound.
17:42 of 3rd period - Evgeni Malkin wins face-off versus Elias Pettersson in Flames zone.
17:46 of 3rd period - Icing by Zach Parise.
17:47 of 3rd period - Evgeni Malkin wins face-off versus Brad Marchand in Flames zone.
17:47 of 3rd period - Evgeni Malkin is hit by Brad Marchand.
17:53 of 3rd period - Shot by Zach Parise.
17:53 of 3rd period - Deflect By Evgeni Malkin.
17:53 of 3rd period - Stopped by Mikko Koskinen without a rebound.
17:54 of 3rd period - Zach Parise wins face-off versus Elias Pettersson in Islanders zone.
17:54 of 3rd period - Zach Parise is hit by Neal Pionk.
17:57 of 3rd period - Evgeni Malkin is hit by Neal Pionk.
18:09 of 3rd period - Shot by Evgeni Malkin.
18:09 of 3rd period - Stopped by Mikko Koskinen without a rebound.
18:10 of 3rd period - Anthony Cirelli wins face-off versus John Tavares in Islanders zone.
18:34 of 3rd period - Shot by Elias Pettersson.
18:34 of 3rd period - Stopped by Mike Smith without a rebound.
18:35 of 3rd period - Colton Sceviour wins face-off versus Evgeni Malkin in Flames zone.
18:44 of 3rd period - Jared Spurgeon is hit by Richard Panik and loses puck.
19:04 of 3rd period - Icing by Neal Pionk.
19:05 of 3rd period - John Tavares wins face-off versus Colton Sceviour in Islanders zone.
19:10 of 3rd period - Shot by Brady Tkachuk.
19:10 of 3rd period - Goal by Brady Tkachuk - Flames : 4 - Islanders : 6.
19:11 of 3rd period - Elias Pettersson wins face-off versus John Tavares in neutral zone.
19:36 of 3rd period - Shot by Charlie Coyle.
19:36 of 3rd period - Shot Misses the Net.
19:38 of 3rd period - Shot by Brayden McNabb.
19:38 of 3rd period - Stopped by Mikko Koskinen without a rebound.
19:39 of 3rd period - Evgeni Malkin wins face-off versus Anthony Cirelli in Islanders zone.
Goals for this period are 1 for Flames vs 2 for Islanders.
Shots for this period are 13 for Flames vs 9 for Islanders.